cohdb
Replays
Latest Replays
All Replays
Popular Replays
Top Player Replays
Match Explorer
How It Works
Community
CoH3 Stats
Reddit
Sign in to upload your games and track your stats! →
Sign in with Steam
Match 46310772
Unlisted
Match 46310772
Overview
Messages
Build Orders
End
Selects Special Operations Battlegroup
Selects M29 Weasel Recon Vehicle
M29 Weasel Recon Vehicle
Construct Barracks
Riflemen Squad
Riflemen Squad
Riflemen Squad
Infantry Support Center
Construct Weapon Support Center
Bazooka Squad
Grenade Package
Construct Medical Station
M3 Armored Personnel Carrier
Engineer Squad
M1918 Browning Automatic Rifles
Selects Raiding Flares
Selects SSF Commando Squad
Advanced Logistics
SSF Commando Squad
Riflemen Squad
Improved M9 Bazooka Rockets
SSF Commando Squad
Riflemen Squad
Selects Mark Vehicle
Survival Training
Selects M4A1 Sherman Whizbang
M4A1 Sherman Whizbang
Mark Vehicle
M4A1 Sherman Whizbang
Mark Vehicle
Selects Air Re-supply Operation
Mark Vehicle
Mark Vehicle
Construct Tank Depot
Mark Vehicle
Engineer Squad
SSF Commando Squad
M18 Hellcat Tank Destroyer
Munitions Surplus
Mark Vehicle
Mark Vehicle
M4A1 Sherman Whizbang
Mark Vehicle
DebaKLeTV
WhyMeowMeow
Rolling9Deep
dark.willow121
0
0
Comments
sign in to comment!
No comments posted yet!